[Event "Titled Tuesday Blitz March 28 Early 2023"]
[White "Bogaudinov, Rushan"]
[Black "Abdilkhair, Abilmansur"]
[WhiteFideId "4129288"]
[BlackFideId "13716417"]
[WhiteElo "1949"]
[BlackElo "2216"]
[Result "0-1"]
[Round "11"]
[TimeControl "180+2"]
[Date "2023.03.28"]
[WhiteClock "0:00:44"]
[BlackClock "0:00:45"]

1. d4 Nf6 2. g3 e6 3. Bg2 d5 4. Nf3 Be7 5. O-O O-O 6. b3 c6 7. Bb2 b6 8. c4 Ba6 9. Nbd2 Nbd7 10. Qc2 Rc8 11. e4 c5 12. e5 Ne8 13. dxc5 Nxc5 14. Rfd1 Nc7 15. Rac1 Qd7 16. h4 h6 17. Nf1 Rfd8 18. Ne3 Qe8 19. Ng4 dxc4 20. bxc4 Rxd1+ 21. Rxd1 Rd8 22. Nd4 Qa4 23. Qe2 Bxc4 24. Qf3 Bd5 25. Qe2 Bxg2 26. Kxg2 Nb5 27. Nc6 Qxd1 28. Nxe7+ Kf8 29. Qxb5 Qxg4 30. Qc6 Kxe7 31. f3 Rd2+ 0-1


[Site "https://www.chess.com"]

[Event "Titled Tuesday Blitz March 28 Early 2023"]
[White "Kopczynski, Michal"]
[Black "Schut, Han"]
[WhiteFideId "1124200"]
[BlackFideId "1005561"]
[WhiteElo "2212"]
[BlackElo "2024"]
[Result "0-1"]
[Round "11"]
[TimeControl "180+2"]
[Date "2023.03.28"]
[WhiteClock "0:00:35"]
[BlackClock "0:00:11"]

1. e4 c5 2. d4 cxd4 3. c3 g6 4. f4 Bg7 5. Nf3 d5 6. e5 Bg4 7. cxd4 Nc6 8. Be3 Qb6 9. Be2 Qxb2 10. Nbd2 e6 11. O-O Nge7 12. Rb1 Qa3 13. Rb3 Qxa2 14. Rxb7 O-O 15. Bf2 Rfb8 16. Rc7 Qa5 17. Rd7 Rd8 18. Rxd8+ Rxd8 19. h3 Bxf3 20. Nxf3 Qb6 21. g4 a5 22. Qa4 Qb4 23. Ra1 Qxa4 24. Rxa4 Rb8 25. Be1 Rb2 26. Kf1 Rb8 27. Ra1 Ra8 28. Bb5 Bf8 29. Nd2 Nxd4 30. Ba4 Nec6 31. Rc1 Nb4 32. Rc7 Nd3 33. Bh4 Bb4 34. Nb1 Nxf4 35. Bf6 Nxh3 36. Nc3 Bxc3 37. Rxc3 Nf4 38. Rc7 Nf3 39. Re7 Nd3 40. Bc6 Rb8 41. Be8 Nfxe5 42. Ke2 Kf8 43. Ba4 Nxg4 44. Bh4 Nde5 45. Ra7 h5 46. Be7+ Kg7 47. Rxa5 Rb7 48. Bd6 Nc4 49. Ra6 Nxd6 50. Rxd6 Ne5 51. Rd8 Nc4 52. Be8 Kf6 53. Bc6 Rc7 54. Bb5 Ne5 55. Rh8 Ng4 56. Kf3 Ne5+ 57. Kf4 Nd7 58. Ke3 Ne5 59. Kd4 Nc4 60. Be8 Nd6 61. Ba4 Nf5+ 62. Kd3 Ra7 63. Bd1 Ra3+ 64. Kd2 Ke5 65. Rh7 f6 66. Rh8 g5 67. Rxh5 Nd4 68. Rh8 g4 69. Bxg4 f5 70. Bd1 Kf4 71. Rd8 Ke5 72. Re8 Nc6 73. Bc2 Ra2 74. Kc3 Nd4 75. Bd3 Ra3+ 76. Kd2 Nf3+ 77. Ke2 Ng1+ 78. Kd2 Nf3+ 79. Ke2 Nd4+ 80. Kd2 f4 81. Bf1 Ra2+ 82. Kd3 Ra1 83. Bh3 Ra3+ 84. Kd2 Ke4 85. Ke1 e5 86. Bg2+ f3 87. Bf1 Ra1+ 88. Kf2 Rxf1+ 89. Kxf1 Nf5 90. Kf2 Nd6 91. Rd8 Nc4 92. Rf8 Nd2 93. Ke1 Nc4 94. Kf2 Nd2 95. Ke1 Nb3 96. Kf2 Nd4 97. Re8 Kf4 98. Rf8+ Nf5 99. Rd8 Ke4 100. Re8 d4 101. Rf8 Ne3 102. Rxf3 Nd1+ 103. Kg3 d3 104. Rf1 Nc3 105. Re1+ Kd4 106. Kf2 d2 107. Ra1 d1=Q 108. Rxd1+ Nxd1+ 109. Ke2 Nc3+ 110. Kd2 e4 111. Ke1 e3 112. Kf1 Kd3 113. Ke1 e2 114. Kf2 Kd2 0-1


[Site "https://www.chess.com"]

[Event "Titled Tuesday Blitz March 28 Early 2023"]
[White "Torres Dominguez, David"]
[Black "Meunier-Pion, Jean"]
[WhiteFideId "2220857"]
[BlackFideId "20685327"]
[WhiteElo "1999"]
[BlackElo "2124"]
[Result "1-0"]
[Round "11"]
[TimeControl "180+2"]
[Date "2023.03.28"]
[WhiteClock "0:00:13"]
[BlackClock "0:00:21"]

1. e4 c5 2. Nc3 d6 3. Nf3 Nf6 4. d4 cxd4 5. Nxd4 a6 6. f4 e5 7. Nf3 Nbd7 8. a4 Be7 9. Bd3 O-O 10. O-O exf4 11. Bxf4 Qb6+ 12. Kh1 Qxb2 13. Qe1 Qb6 14. Rb1 Qd8 15. Nh4 Nc5 16. Nf3 Bd7 17. Nd4 Re8 18. Bg5 Nfxe4 19. Bxe7 Qxe7 20. Nxe4 Nxe4 21. Rxb7 Nc5 22. Qxe7 Rxe7 23. Rc7 Rae8 24. Nc6 Re1 25. Kg1 Rxf1+ 26. Kxf1 Kf8 27. Bxa6 Be6 28. Bb5 Ra8 29. Nd4 Bd5 30. Nf5 Nxa4 31. Bxa4 Be6 32. Bd7 Ra1+ 33. Kf2 Bxf5 34. Bxf5 g6 35. Bd3 Kg7 36. Rc6 Ra5 37. Rxd6 h5 38. Rd4 Rc5 39. h4 Re5 40. g3 f6 41. Rd7+ Kh6 42. Rd6 Kg7 43. Rc6 g5 44. hxg5 fxg5 45. Kf3 h4 46. gxh4 gxh4 47. Rg6+ Kf7 48. Rh6 Ke7 49. Rxh4 Kd6 50. Rd4+ Kc5 51. Re4 Rh5 52. Kf4 Rh4+ 53. Ke3 Rh3+ 54. Kd2 Rg3 55. Kc3 Rh3 56. Re5+ Kd6 57. Rf5 Rh4 58. Rf3 Kc5 59. Re3 Rg4 60. Re4 Rg3 61. Re5+ Kd6 62. Rb5 Kc6 63. Rb4 Kc5 64. Rc4+ Kd5 65. Kb4 Rg1 66. Be4+ Kd6 67. Bd3 Re1 68. Kc3 Rg1 69. Rh4 Rg5 70. Be2 Kc5 71. Rh5 Rxh5 72. Bxh5 Kd5 73. Be2 Kc5 74. Bd3 Kd6 75. Be2 Kc5 76. Kd2 Kd5 77. c3 Kc5 78. Kd3 Kd5 79. c4+ Kc5 80. Kc3 Kd6 81. Kd4 Kc6 82. c5 Kd7 83. Bf3 Kc7 84. Kd5 Kd7 85. c6+ Kc7 86. Kc5 Kc8 87. Kd6 Kd8 88. Bg4 Ke8 89. c7 Kf8 90. c8=Q+ Kg7 91. Qd7+ Kg6 92. Qf5+ Kh6 93. Qh5+ Kg7 94. Ke6 Kg8 95. Qf7+ Kh8 96. Qe7 Kg8 97. Kf6 Kh8 98. Qg7# 1-0


[Site "https://www.chess.com"]

[Event "Titled Tuesday Blitz March 28 Early 2023"]
[White "Senft, Sean"]
[Black "Sankalan Shah"]
[WhiteFideId "2044960"]
[BlackFideId "25600362"]
[WhiteElo "1989"]
[BlackElo "2118"]
[Result "1-0"]
[Round "11"]
[TimeControl "180+2"]
[Date "2023.03.28"]
[WhiteClock "0:02:24"]
[BlackClock "0:01:54"]

1. e4 e5 2. Nf3 Nc6 3. Bb5 Nf6 4. O-O Nxe4 5. Re1 Nd6 6. Bxc6 dxc6 7. Nxe5 Be7 8. d4 Kf8 9. Nc3 Be6 10. Qf3 Nf5 11. Be3 f6 12. Nd3 Kf7 13. Nf4 Bd7 14. d5 Rf8 15. Ne6 1-0


[Site "https://www.chess.com"]

[Event "Titled Tuesday Blitz March 28 Early 2023"]
[White "Fabris, Alberto"]
[Black "Hirneise, Jens"]
[WhiteFideId "801348"]
[BlackFideId "24614734"]
[WhiteElo "2218"]
[BlackElo "2345"]
[Result "0-1"]
[Round "11"]
[TimeControl "180+2"]
[Date "2023.03.28"]
[WhiteClock "0:00:15"]
[BlackClock "0:00:11"]

1. e4 c6 2. d4 g6 3. c4 Bg7 4. Nc3 e5 5. d5 c5 6. Nf3 d6 7. Be2 Ne7 8. O-O O-O 9. Ne1 h6 10. Nd3 f5 11. f3 f4 12. Bd2 g5 13. h3 h5 14. Nf2 Nd7 15. a3 Nf6 16. b4 b6 17. bxc5 bxc5 18. Rb1 Rf7 19. Qa4 Bf8 20. Nb5 Ng6 21. Ba5 Qe8 22. Qc2 g4 23. fxg4 hxg4 24. hxg4 f3 25. Bxf3 Nh4 26. Nc7 Qd8 27. Nxa8 Qxa5 28. Rb8 Bd7 29. Qc1 Kg7 30. Qg5+ Ng6 31. Rfb1 Nh7 32. Qd8 Qd2 33. Nc7 Ng5 34. Ne6+ Bxe6 35. dxe6 Nxf3+ 36. gxf3 Rxf3 37. Rf1 Rg3+ 38. Kh2 Qf4 39. Qxf8+ Nxf8 40. Nh3 Rxh3+ 41. Kxh3 Qxf1+ 42. Kg3 Nxe6 43. Rb7+ Kg6 44. Rxa7 Qf4+ 45. Kg2 Qxe4+ 46. Kf2 Nf4 47. Ra6 Qe2+ 48. Kg3 Qg2+ 49. Kh4 Qh2# 0-1


[Site "https://www.chess.com"]

[Event "Titled Tuesday Blitz March 28 Early 2023"]
[White "Gatterer, Florian"]
[Black "Qashashvili, Alexandre"]
[WhiteFideId "811688"]
[BlackFideId "13600842"]
[WhiteElo "2221"]
[BlackElo "2405"]
[Result "1/2-1/2"]
[Round "11"]
[TimeControl "180+2"]
[Date "2023.03.28"]
[WhiteClock "0:02:43"]
[BlackClock "0:02:43"]

1. e4 c6 2. d4 d5 3. e5 Bf5 4. Nf3 e6 5. Be2 h6 6. c3 c5 7. Be3 Nd7 8. O-O cxd4 9. cxd4 Bb4 10. a3 Ba5 11. b4 1/2-1/2


[Site "https://www.chess.com"]

[Event "Titled Tuesday Blitz March 28 Early 2023"]
[White "Fernandez Sanchez, Mario Andres"]
[Black "Begunov, Konstantin"]
[WhiteFideId "6501621"]
[BlackFideId "4118510"]
[WhiteElo "2050"]
[BlackElo "2079"]
[Result "1-0"]
[Round "11"]
[TimeControl "180+2"]
[Date "2023.03.28"]
[WhiteClock "0:00:05"]
[BlackClock "0:00:01"]

1. d4 d5 2. Bf4 c6 3. c4 Nf6 4. Nf3 Bf5 5. Qb3 Qc8 6. Nc3 e6 7. e3 Nbd7 8. Rc1 Be7 9. Be2 O-O 10. h3 Ne4 11. O-O Ndf6 12. cxd5 exd5 13. Ne5 Nd2 14. Qa4 Nxf1 15. Bxf1 Qd8 16. Be2 Ne4 17. Qb3 Qb6 18. Qxb6 axb6 19. a3 Nxc3 20. Rxc3 b5 21. g4 Be6 22. Nd3 g5 23. Bc7 f5 24. Bb6 fxg4 25. hxg4 Rf7 26. Bc5 Raf8 27. f3 Bc8 28. Ne5 Rg7 29. Kg2 Re8 30. Kg3 Bf6 31. Bd6 Be7 32. Bxe7 Rgxe7 33. b4 Kg7 34. f4 h6 35. Bd1 Rf8 36. a4 bxa4 37. Bxa4 Re6 38. b5 Ref6 39. f5 h5 40. bxc6 bxc6 41. gxh5 Bxf5 42. Bxc6 Be4 43. Ra3 Rf2 44. Ra7+ Kg8 45. Kg4 Rg2+ 46. Kh3 Rf1 47. Ra8+ Kg7 48. Ra7+ Kf8 49. Ra8+ Ke7 50. Re8+ Kf6 51. Rf8+ Ke7 52. Rxf1 Re2 53. Rf7+ Ke6 54. h6 Rxe3+ 55. Kg4 Bc2 56. Kxg5 Bd3 57. Rf6+ Ke7 58. Rf7+ Ke6 59. h7 1-0


[Site "https://www.chess.com"]

[Event "Titled Tuesday Blitz March 28 Early 2023"]
[White "Tagliata"]
[Black "Van Osch, Mees"]
[BlackFideId "1035967"]
[WhiteElo "2224"]
[BlackElo "2324"]
[Result "0-1"]
[Round "11"]
[TimeControl "180+2"]
[Date "2023.03.28"]
[WhiteClock "0:00:10"]
[BlackClock "0:00:30"]

1. e4 c5 2. Nf3 e6 3. d4 cxd4 4. Nxd4 Nc6 5. Nc3 Bc5 6. Nb3 Bb4 7. Bd3 Nf6 8. Bd2 O-O 9. a3 Be7 10. O-O d5 11. exd5 exd5 12. Bf4 Bg4 13. Qd2 Re8 14. Rfe1 d4 15. Ne4 Nxe4 16. Bxe4 Bf6 17. h3 Bh5 18. Kh1 Bg6 19. Bxg6 hxg6 20. Kg1 b6 21. Rad1 Qd7 22. Rxe8+ Rxe8 23. c3 Qd5 24. Nxd4 Bxd4 25. cxd4 Rd8 26. Be3 Ne7 27. Qc3 Rd7 28. Rc1 Nf5 29. Qc8+ Kh7 30. Rc7 Rd8 31. Qb7 Nxe3 32. fxe3 Qb3 33. Rxf7 Qxe3+ 34. Kh2 Qxd4 35. Qf3 Qxb2 36. Qf4 Rd5 37. Rf8 Qe5 38. Qxe5 Rxe5 39. Ra8 Ra5 40. Kg3 Rxa3+ 41. Kf4 Ra2 42. g3 b5 43. Ke4 b4 44. Kd4 a5 45. Kc4 Ra3 46. Kb5 b3 47. Kc4 b2 48. Rb8 Ra4+ 49. Kc3 Rb4 50. Rxb4 axb4+ 51. Kxb2 Kh6 52. Kb3 Kg5 53. Kxb4 Kf5 54. Kc3 Ke4 55. g4 g5 56. Kc4 Kf4 57. Kd5 Kg3 58. Ke5 Kxh3 59. Kf5 Kh4 60. Ke4 Kxg4 61. Ke3 Kg3 62. Ke2 Kg2 63. Ke3 g6 64. Ke4 g4 65. Kf4 g3 66. Kg5 Kf2 67. Kxg6 g2 0-1


[Site "https://www.chess.com"]

[Event "Titled Tuesday Blitz March 28 Early 2023"]
[White "Rose, Felix"]
[Black "BenchGM"]
[WhiteFideId "5105722"]
[WhiteElo "2039"]
[BlackElo "2358"]
[Result "0-1"]
[Round "11"]
[TimeControl "180+2"]
[Date "2023.03.28"]
[WhiteClock "0:00:17"]
[BlackClock "0:00:14"]

1. d4 Nf6 2. Bf4 b6 3. Nc3 Bb7 4. f3 d5 5. Nb5 Na6 6. e3 e6 7. Bd3 Bb4+ 8. c3 Be7 9. a4 O-O 10. h4 c6 11. Na3 Bd6 12. Nh3 Nc7 13. Bxd6 Qxd6 14. f4 c5 15. Ng5 cxd4 16. cxd4 Qb4+ 17. Qd2 Qxd2+ 18. Kxd2 Ba6 19. Rhc1 Bxd3 20. Rxc7 Ba6 21. Rac1 h6 22. Nf3 Ne4+ 23. Ke1 Rfc8 24. Rxc8+ Rxc8 25. Rxc8+ Bxc8 26. Nb5 Bd7 27. Nxa7 Bxa4 28. Ne5 f6 29. Nd3 Bd7 30. Nb4 Ng3 31. Kf2 Nf5 32. h5 Nd6 33. Nac6 Nc4 34. f5 Kf7 35. Nd8+ Ke7 36. Nxe6 Bxe6 37. fxe6 Kxe6 38. Nd3 Kf5 39. b3 Nd2 40. Nf4 Nxb3 41. Nxd5 b5 42. Nc3 Kg5 43. Nxb5 Kxh5 44. d5 Kg6 45. Kf3 Kf5 46. e4+ Ke5 47. g4 Nd2+ 48. Ke3 Nxe4 49. Nd4 Nd6 50. Ne6 g6 51. Nf4 g5 52. Nh5 Ne8 53. Ng3 Nd6 54. Nh5 f5 55. gxf5 Nxf5+ 56. Kf3 Kxd5 57. Nf6+ Ke5 58. Ng4+ Ke6 59. Nf2 h5 60. Ne4 g4+ 61. Kf4 Nd4 62. Nf2 Kf6 63. Nxg4+ Kg6 64. Ne5+ Kh6 65. Nf3 Ne6+ 66. Kg3 Kg6 67. Nh4+ Kg5 68. Ng2 Nd4 69. Nf4 Nf5+ 70. Kh3 Kxf4 71. Kh2 Kg4 72. Kh1 Kh3 73. Kg1 Ng3 74. Kf2 Kh2 75. Kf3 h4 76. Kf2 h3 77. Kf3 Kg1 78. Kxg3 h2 79. Kf3 h1=Q+ 0-1


[Site "https://www.chess.com"]

[Event "Titled Tuesday Blitz March 28 Early 2023"]
[White "Ramirez, Maria Eugenia"]
[Black "Ovezdurdyyeva, Jemal"]
[WhiteFideId "3301680"]
[BlackFideId "14001888"]
[WhiteElo "1842"]
[BlackElo "2043"]
[Result "1-0"]
[Round "11"]
[TimeControl "180+2"]
[Date "2023.03.28"]
[WhiteClock "0:00:57"]
[BlackClock "0:01:11"]

1. e4 d6 2. d4 Nf6 3. Nc3 g6 4. Nf3 c6 5. Be2 b5 6. a3 Bg7 7. O-O O-O 8. h3 a5 9. e5 Ne8 10. Be3 Bb7 11. exd6 Nxd6 12. Qd2 Nd7 13. Bh6 Nf6 14. Bxg7 Kxg7 15. Rfd1 Qb6 16. Ne5 b4 17. Na4 Qc7 18. Nc5 Nde4 19. Nxe4 Nxe4 20. Qe3 Nf6 21. Bf3 Nd5 22. Bxd5 cxd5 23. c3 bxc3 24. Rac1 Rac8 25. Rxc3 Qd6 26. Nd3 f6 27. Nc5 Rb8 28. Ne6+ Kf7 29. Nxf8 Rxf8 30. Rdc1 Ba6 31. Rc6 1-0


[Site "https://www.chess.com"]

[Event "Titled Tuesday Blitz March 28 Early 2023"]
[White "Zampronha, Wladimir Camilo"]
[Black "lolliNOPE"]
[WhiteFideId "2103087"]
[WhiteElo "2176"]
[BlackElo "2085"]
[Result "1/2-1/2"]
[Round "11"]
[TimeControl "180+2"]
[Date "2023.03.28"]
[WhiteClock "0:00:38"]
[BlackClock "0:00:36"]

1. e4 c6 2. d4 d5 3. e5 Bf5 4. Nf3 e6 5. Be2 Nd7 6. O-O Ne7 7. Nbd2 c5 8. c3 Nc6 9. Re1 Be7 10. Bf1 O-O 11. dxc5 Nxc5 12. Nb3 Nxb3 13. axb3 a6 14. Be3 Qc7 15. h3 Be4 16. Bf4 h6 17. Bd3 Bxd3 18. Qxd3 Rac8 19. b4 Rfd8 20. Qd2 Bf8 21. Nh2 d4 22. Qe2 dxc3 23. bxc3 Ne7 24. Bd2 Qc4 25. Nf3 Qxe2 26. Rxe2 Nd5 27. Be1 Nxc3 28. Bxc3 Rxc3 29. b5 axb5 30. Rb1 b4 31. Rd2 Rxd2 32. Nxd2 b6 33. Kf1 Rc2 34. Ke2 Bc5 35. f4 Kf8 36. Rb3 Ke7 37. Kd3 Rc1 38. Ne4 Rg1 39. Rb2 Rd1+ 40. Ke2 Rd4 41. Kf3 Rd3+ 42. Kg4 g6 43. h4 h5+ 44. Kg5 Re3 45. Nf6 Rg3+ 46. Kh6 Rd3 47. Ra2 b3 48. Ra8 Rd8 49. Ra7+ Kf8 50. Nh7+ Kg8 51. Nf6+ Kf8 52. Nh7+ Kg8 53. Nf6+ Kf8 1/2-1/2


[Site "https://www.chess.com"]

[Event "Titled Tuesday Blitz March 28 Early 2023"]
[White "hsd2016"]
[Black "Kozin, Yuri"]
[BlackFideId "4129920"]
[WhiteElo "2003"]
[BlackElo "2474"]
[Result "1-0"]
[Round "11"]
[TimeControl "180+2"]
[Date "2023.03.28"]
[WhiteClock "0:02:05"]
[BlackClock "0:01:16"]

1. e4 c5 2. Nf3 e6 3. d4 cxd4 4. Nxd4 Nf6 5. Nc3 d6 6. Bg5 Be7 7. Be2 a6 8. O-O O-O 9. Qd2 b5 10. a3 Bb7 11. f3 Nbd7 12. Rad1 Qc7 13. Be3 Ne5 14. f4 Neg4 15. h3 Nxe3 16. Qxe3 d5 17. e5 Ne4 18. Nxe4 dxe4 19. c3 Bc5 20. Kh2 Rad8 21. Rd2 Qb6 22. Rfd1 a5 23. b4 Be7 24. Bxb5 Rxd4 25. Qxd4 Qxb5 26. Qd7 Qc6 27. Qxe7 e3 28. Re2 Qe4 29. Rd8 Qxf4+ 30. Kg1 1-0


[Site "https://www.chess.com"]

[Event "Titled Tuesday Blitz March 28 Early 2023"]
[White "Georg, Heinz"]
[Black "Pasti, Aron"]
[WhiteFideId "4607295"]
[BlackFideId "785857"]
[WhiteElo "2228"]
[BlackElo "2173"]
[Result "1-0"]
[Round "11"]
[TimeControl "180+2"]
[Date "2023.03.28"]
[WhiteClock "0:01:10"]
[BlackClock "0:01:24"]

1. e4 e5 2. Nf3 Nc6 3. Nc3 Nf6 4. d4 exd4 5. Nd5 d6 6. Nxd4 Nxd5 7. exd5 Nxd4 8. Qxd4 Bf5 9. Bb5+ Bd7 10. Bxd7+ Qxd7 11. O-O f6 12. Re1+ Be7 13. Bd2 O-O 14. Re6 Rfe8 15. Rae1 Bf8 16. Qe4 Red8 17. Bc3 c6 18. Qg4 Kh8 19. Qf5 cxd5 20. Qxd5 Re8 21. Rxe8 Rxe8 22. Rxe8 Qxe8 23. Qxb7 Qa4 24. Qf7 h6 25. Qxf8+ Kh7 26. h3 Qxc2 27. Qf7 Qd1+ 28. Kh2 d5 29. Bxf6 1-0


[Site "https://www.chess.com"]

[Event "Titled Tuesday Blitz March 28 Early 2023"]
[White "Fernandez Siles, Luis"]
[Black "Quirke, Jeffrey"]
[WhiteFideId "2209420"]
[BlackFideId "2013029"]
[WhiteElo "2186"]
[BlackElo "2228"]
[Result "0-1"]
[Round "11"]
[TimeControl "180+2"]
[Date "2023.03.28"]
[WhiteClock "0:00:14"]
[BlackClock "0:00:40"]

1. e4 Nf6 2. Nc3 d5 3. exd5 Nxd5 4. Bc4 c6 5. d4 Bf5 6. Nf3 e6 7. Ne5 Nd7 8. O-O Nxe5 9. Bxd5 cxd5 10. dxe5 Be7 11. Ne2 O-O 12. Nd4 Bg6 13. c3 b5 14. a3 Qb6 15. Be3 Qb7 16. Nb3 Rfc8 17. Bd4 a5 18. Nd2 b4 19. axb4 axb4 20. Rxa8 Qxa8 21. Qa1 Qxa1 22. Rxa1 bxc3 23. bxc3 f6 24. Ra7 Bc5 25. Bxc5 Rxc5 26. Ra8+ Kf7 27. Ra7+ Kf8 28. exf6 gxf6 29. Ra3 d4 30. c4 e5 31. f3 f5 32. Kf2 e4 33. fxe4 fxe4 34. h4 e3+ 0-1


[Site "https://www.chess.com"]

[Event "Titled Tuesday Blitz March 28 Early 2023"]
[White "rionelG"]
[Black "Jiganchine, Roman"]
[BlackFideId "2603667"]
[WhiteElo "2225"]
[BlackElo "2323"]
[Result "1/2-1/2"]
[Round "11"]
[TimeControl "180+2"]
[Date "2023.03.28"]
[WhiteClock "0:00:03"]
[BlackClock "0:00:10"]

1. e4 c6 2. d4 d5 3. e5 Bf5 4. Nf3 e6 5. Be2 Nd7 6. O-O h6 7. Nbd2 a6 8. a4 Rc8 9. Nb3 c5 10. dxc5 Nxc5 11. Be3 Nxb3 12. cxb3 Bc2 13. Qd2 Bxb3 14. Rfc1 Ne7 15. Rxc8 Nxc8 16. Qc3 Bc4 17. Bxc4 dxc4 18. Qxc4 Be7 19. Qg4 g6 20. Nd4 Qd5 21. Rd1 h5 22. Qe2 Qxe5 23. Qf3 Qd5 24. Qxd5 exd5 25. Nf3 Bf6 26. Rxd5 Bxb2 27. h4 O-O 28. Rd7 b6 29. Ng5 Bf6 30. Rb7 b5 31. axb5 axb5 32. Rxb5 Nd6 33. Rb6 Bxg5 34. Bxg5 Nf5 35. Bf6 Re8 36. g3 Ng7 37. Kg2 Ne6 38. Rb7 Nc5 39. Rb4 Nd7 40. Bd4 Ne5 41. Rb3 Nc6 42. Bf6 Kf8 43. Rb6 Nd8 44. Rb5 Ne6 45. Rb7 Kg8 46. Ra7 Nc5 47. Kf3 Ne6 48. g4 hxg4+ 49. Kxg4 Nc5 50. f4 Ne4 51. Bd4 Nd6 52. Be5 Nf5 53. h5 Ne3+ 54. Kf3 Nf5 55. hxg6 fxg6 56. Kg4 Rf8 57. Kg5 Re8 58. Kxg6 Ne7+ 59. Kg5 Nd5 60. Rg7+ Kf8 61. Kh6 Re6+ 62. Kh7 Nf6+ 63. Kh8 Nd5 64. Rd7 Rh6+ 65. Rh7 Rxh7+ 66. Kxh7 Kf7 67. Kh6 Nxf4 1/2-1/2


[Site "https://www.chess.com"]

[Event "Titled Tuesday Blitz March 28 Early 2023"]
[White "Gronnestad, Anita"]
[Black "Thiel, Thomas"]
[WhiteFideId "1502972"]
[BlackFideId "4615964"]
[WhiteElo "1939"]
[BlackElo "2216"]
[Result "1-0"]
[Round "11"]
[TimeControl "180+2"]
[Date "2023.03.28"]
[WhiteClock "0:02:05"]
[BlackClock "0:01:30"]

1. d4 Nf6 2. c4 g6 3. Nf3 Bg7 4. g3 O-O 5. Bg2 c6 6. O-O d5 7. b3 dxc4 8. bxc4 c5 9. Be3 Ng4 10. Nc3 Nxe3 11. fxe3 Bh6 12. Qd3 Nc6 13. Rad1 Bf5 14. e4 cxd4 15. exf5 dxc3 16. Qxc3 Qb6+ 17. c5 Qb4 18. Qxb4 Nxb4 19. Rd7 Be3+ 20. Kh1 Bxc5 21. Rxb7 Rab8 22. Ne5 Rxb7 23. Bxb7 Nxa2 24. Nd7 Nb4 25. Nxc5 1-0


[Site "https://www.chess.com"]

[Event "Titled Tuesday Blitz March 28 Early 2023"]
[White "salgadoLO"]
[Black "Ardila, Oscar Humberto"]
[BlackFideId "4404742"]
[WhiteElo "2213"]
[BlackElo "1911"]
[Result "0-1"]
[Round "11"]
[TimeControl "180+2"]
[Date "2023.03.28"]
[WhiteClock "0:00:01"]
[BlackClock "0:01:06"]

1. d4 Nf6 2. Bg5 e6 3. Nd2 Be7 4. e4 O-O 5. Bd3 c5 6. e5 Nd5 7. Bxe7 Qxe7 8. dxc5 Nc6 9. Ngf3 h6 10. O-O Qxc5 11. g3 Ncb4 12. Ne4 Qb6 13. Bc4 Qc7 14. Bb3 a5 15. c3 a4 16. Bxa4 Nc6 17. Bc2 Nxe5 18. Nxe5 Qxe5 19. Qd3 f5 20. Nd2 b6 21. a3 Ba6 22. c4 Rac8 23. Rfe1 Qxb2 24. Rab1 Qc3 25. Qxc3 Nxc3 26. Rxb6 Bxc4 27. Nxc4 Rxc4 28. Bb3 Rc7 29. Ra1 Ra8 30. Rd6 Nb5 31. Rd3 Rxa3 32. Rxa3 Nxa3 33. Bxe6+ dxe6 34. Rxa3 Kf7 35. h4 g5 36. hxg5 hxg5 37. Ra4 Kf6 38. Kg2 Rc3 39. Rb4 Rc2 40. Ra4 g4 41. Rb4 e5 42. Rb6+ Kg5 43. Re6 e4 44. Re8 Ra2 45. Kg1 Kf6 46. Rf8+ Ke6 47. Re8+ Kd6 48. Rf8 Ra5 49. Re8 Kd5 50. Rf8 Kd4 51. Re8 Kd3 52. Kg2 Ke2 53. Re7 Rd5 54. Re8 Ke1 55. Re7 Rd2 56. Re5 Rxf2+ 57. Kg1 Rf3 58. Kg2 Ke2 59. Ra5 e3 60. Ra2+ Kd3 61. Ra3+ Ke4 62. Ra4+ Ke5 63. Ra5+ Kf6 64. Ra6+ Kg5 65. Re6 f4 66. gxf4+ Kxf4 67. Re8 Rf2+ 68. Kg1 Ra2 69. Rf8+ Kg3 70. Re8 Ra1# 0-1


[Site "https://www.chess.com"]

[Event "Titled Tuesday Blitz March 28 Early 2023"]
[White "Kuchava, Ana"]
[Black "Levitan, Caleb Levi"]
[WhiteFideId "13605348"]
[BlackFideId "14332620"]
[WhiteElo "2001"]
[BlackElo "1963"]
[Result "1-0"]
[Round "11"]
[TimeControl "180+2"]
[Date "2023.03.28"]
[WhiteClock "0:00:13"]
[BlackClock "0:00:02"]

1. d4 d5 2. Nf3 Nf6 3. c4 e6 4. Nc3 a6 5. e3 dxc4 6. Bxc4 b5 7. Bd3 Bb7 8. O-O Nbd7 9. a4 b4 10. Nb1 c5 11. Qe2 Be7 12. Rd1 O-O 13. Nbd2 Qc7 14. Nc4 Nb6 15. b3 Nxc4 16. Bxc4 Ne4 17. Bb2 Bf6 18. Rac1 Qe7 19. Nd2 Nxd2 20. Rxd2 cxd4 21. Bxd4 Bxd4 22. Rxd4 e5 23. Rd2 a5 24. Rcd1 Qg5 25. f3 Rac8 26. e4 Bc6 27. Rd6 Qe7 28. Qd2 Qa7+ 29. Kh1 Qc5 30. Qg5 Kh8 31. Qh5 g6 32. Qh6 Bb7 33. Qg5 Kg8 34. Qf6 Rce8 35. h4 Bc8 36. h5 gxh5 37. Qg5+ Kh8 38. Rh6 Rg8 39. Qf6+ Rg7 40. Bxf7 Rf8 41. Rd8 Rxd8 42. Qxd8+ Rg8 43. Qxg8# 1-0


[Site "https://www.chess.com"]

[Event "Titled Tuesday Blitz March 28 Early 2023"]
[White "Aanna12"]
[Black "Floresvillar Gonzalez, Luis Migu"]
[BlackFideId "5100542"]
[WhiteElo "2193"]
[BlackElo "2040"]
[Result "1-0"]
[Round "11"]
[TimeControl "180+2"]
[Date "2023.03.28"]
[WhiteClock "0:00:41"]
[BlackClock "0:00:35"]

1. e4 c6 2. d3 d5 3. Nd2 Nf6 4. g3 e5 5. Bg2 Bg4 6. Ngf3 Nbd7 7. O-O Bc5 8. h3 Bh5 9. c3 b5 10. b4 Bb6 11. a4 a6 12. Qc2 Bxf3 13. Nxf3 dxe4 14. dxe4 O-O 15. Re1 Qe7 16. Nh4 g6 17. Bg5 Kg7 18. Qc1 Rh8 19. Bh6+ Kg8 20. Nf3 Rd8 21. axb5 axb5 22. Rd1 Nf8 23. Rxd8 Qxd8 24. Qc2 Ne6 25. Nxe5 Qc7 26. Ra8+ Nd8 27. Qd3 Qxe5 28. Rxd8+ Bxd8 29. Qxd8+ Ne8 30. Bf3 f6 31. Bf4 Qe6 32. Bg4 f5 33. exf5 gxf5 34. Bh5 Kg7 35. Qg5+ Qg6 36. Bxg6 1-0


[Site "https://www.chess.com"]

[Event "Titled Tuesday Blitz March 28 Early 2023"]
[White "Estremera Panos, Sergio"]
[Black "Barria Santos, Jose Guilherme"]
[WhiteFideId "2200864"]
[BlackFideId "1939300"]
[WhiteElo "2253"]
[BlackElo "2301"]
[Result "1/2-1/2"]
[Round "11"]
[TimeControl "180+2"]
[Date "2023.03.28"]
[WhiteClock "0:00:35"]
[BlackClock "0:00:02"]

1. d4 d5 2. c4 e6 3. Nc3 Nf6 4. cxd5 exd5 5. Bg5 Be7 6. e3 O-O 7. Bd3 Nbd7 8. Qc2 Re8 9. Nf3 Nf8 10. Ne5 c6 11. O-O N6d7 12. Bxe7 Qxe7 13. Rae1 Nxe5 14. dxe5 Qxe5 15. Ne2 Ng6 16. Nd4 Bd7 17. f4 Qd6 18. f5 Ne5 19. f6 g6 20. h4 Ng4 21. Nf3 Nxe3 22. Rxe3 Rxe3 23. Ng5 Qg3 24. Qd2 Rxd3 25. Qe2 Qe3+ 26. Qxe3 Rxe3 27. h5 Rae8 28. hxg6 hxg6 29. Rf4 R8e5 30. Nf3 Rf5 31. Rb4 Bc8 32. Nd4 Rxf6 33. Nb3 Rfe6 34. Nc5 Re1+ 35. Kf2 R6e2+ 36. Kf3 Re7 37. Nd3 R1e3+ 38. Kf2 Rxd3 39. Rf4 Rd2+ 40. Kf1 Rd1+ 41. Kf2 Rb1 42. Rb4 Re6 43. Rb3 Rf6+ 44. Ke3 Rf5 45. Kd4 Rg5 46. Kc5 Rc1+ 47. Kb4 Rg1 48. Re3 R1xg2 49. Re8+ Kg7 50. Rxc8 R2g4+ 51. Kb3 Rg2 52. a3 R5g3+ 53. Ka2 Rg1 54. Rb8 Rc1 55. Rxb7 Rg2 56. Rxa7 Rcc2 57. Rb7 d4 58. a4 Rxb2+ 59. Rxb2 Rxb2+ 60. Kxb2 g5 61. a5 g4 62. a6 g3 63. a7 g2 64. a8=Q g1=Q 65. Qxc6 Qf2+ 66. Kb1 Qe1+ 67. Ka2 Qd2+ 68. Kb1 Qe3 69. Qd7 Qd3+ 70. Ka2 Qc2+ 71. Ka1 Qc3+ 72. Ka2 d3 73. Qg4+ Kf8 74. Qg5 Qc2+ 75. Ka1 Qc3+ 76. Ka2 Qc4+ 77. Kb1 Qb3+ 78. Ka1 Qa3+ 79. Kb1 Qb4+ 80. Kc1 Qe1+ 81. Kb2 d2 82. Qd8+ Kg7 83. Qg5+ Kf8 84. Qd8+ Kg7 85. Qg5+ Kh8 86. Qf6+ Kg8 87. Qg5+ Kf8 1/2-1/2


[Site "https://www.chess.com"]

[Event "Titled Tuesday Blitz March 28 Early 2023"]
[White "Bongo Akanga Ndjila, Barthelemy"]
[Black "babbilator"]
[WhiteFideId "10609431"]
[WhiteElo "1768"]
[BlackElo "2240"]
[Result "0-1"]
[Round "11"]
[TimeControl "180+2"]
[Date "2023.03.28"]
[WhiteClock "0:00:12"]
[BlackClock "0:00:43"]

1. e4 c5 2. Nf3 e6 3. Nc3 Nc6 4. e5 d6 5. exd6 Bxd6 6. d4 Nf6 7. Bb5 O-O 8. dxc5 Bxc5 9. O-O Qc7 10. g3 a6 11. Bd3 b5 12. Bf4 Qb6 13. Qe2 Bb7 14. Ne5 Nxe5 15. Bxe5 Qc6 16. Ne4 Nxe4 0-1


[Site "https://www.chess.com"]